cohdb
Replays
Latest Replays
All Replays
Popular Replays
Top Player Replays
Match Explorer
How It Works
Community
CoH3 Stats
Reddit
Sign in to upload your games and track your stats! →
Sign in with Steam
Match 42179977
Unlisted
Match 42179977
Overview
Messages
Build Orders
End
Kradschützen Motorcycle Team
250 Light Carrier
Panzergrenadier Squad
Panzerpioneer Squad
Construct Light Support Kompanie
Selects Panzerjäger Kommand Battlegroup
Selects Mine Fields
Forward Retreat Point
Fire Support Elements
Selects Defensive Positions
le.IG 18 Mechanized Group
2.5-tonne Medical Truck
Panzerjäger Squad
Selects Tank Busters
Veteran Squad Leaders
Construct Panzerarmee Kommand
Combat Half-tracks
Selects Butterfly Bomb Drop
Butterfly Bomb Drop
Flakvierling Half-track
Armored Reserves
Rapid Advance
An 'orrible Cunt
Kaspan
xCapone86
montheponies
[GG]Onkel Stonkel
[GG]Quiq
0
0
Comments
sign in to comment!
No comments posted yet!